 Dungeon Crawl Stone Soup version 0.20-a0-1000-g0e8f6bb (webtiles) character file.

610 MovingMist the Agent of Entropy (level 7, -5/55 HPs)
             Began as a Demonspawn Abyssal Knight on Apr 12, 2017.
             Was a Priest of Lugonu.
             Slain by a centaur (7 damage)
             ... on level 5 of the Dungeon.
             The game lasted 00:12:28 (3892 turns).

MovingMist the Agent of Entropy (DsAK)              Turns: 3892, Time: 00:12:29

Health: -5/55      AC: 20    Str: 13    XL:     7   Next: 20%
Magic:  10/10      EV: 14    Int: 13    God:    Lugonu [***...]
Gold:   105        SH:  0    Dex: 14    Spells: 6/6 levels left

rFire    + . .     SeeInvis .   u - +0 whip
rCold    . . .     Gourm    .   (no shield)
rNeg     . . .     Faith    .   t - +3 leather armour
rPois    .         Spirit   .   E - +0 helmet
rElec    .         Reflect  .   k - +2 cloak
rCorr    .         Harm     .   l - +0 pair of gloves (curse)
MR       .....                  (no boots)
Stlth    +.........             (no amulet)
Regen    0.2/turn               o - ring of protection from fire
MPRegen  0.2/turn               (no ring)

@: sanguine armour
A: powered by pain 1, rot immunity, sanguine armour 2
a: Depart the Abyss, Bend Space, Banish, Renounce Religion


You were on level 5 of the Dungeon.
You worshipped Lugonu.
Lugonu was most pleased with you.
You were not hungry.

You visited 1 branch of the dungeon, and saw 5 of its levels.
You visited the Abyss 1 time.

You collected 209 gold pieces.
You spent 104 gold pieces at shops.

Inventory:

Hand Weapons
 a - a +1 mace
 u - a +0 whip (weapon)
Armour
 b - a +0 leather armour
 f - a +0 plate armour
 k - a +2 cloak (worn)
 l - a cursed +0 pair of gloves (worn)
 t - a +3 leather armour (worn)
 E - a +0 helmet (worn)
Jewellery
 o - a ring of protection from fire (left hand)
 F - a +1 ring of protection {unknown}
Scrolls
 h - a scroll of fear {unknown}
 i - a scroll of enchant armour {unknown}
 j - 2 scrolls of identify {unknown}
 s - 3 scrolls of teleportation {unknown}
 v - 2 scrolls of remove curse {unknown}
 w - 2 scrolls of recharging {unknown}
 x - a scroll of magic mapping {unknown}
 y - a scroll of blinking {unknown}
 A - a scroll of amnesia {unknown}
 D - a scroll of immolation {unknown}
Potions
 d - a potion of might {unknown}
 e - a potion of mutation {unknown}
 g - 2 potions of heal wounds
 n - a potion of resistance {unknown}
 p - a potion of ambrosia {unknown}
 q - a potion of cancellation {unknown}
 r - a potion of invisibility {unknown}
 C - a potion of curing
 G - a potion of flight {unknown}
Comestibles
 c - 5 bread rations
 m - 2 royal jellies
 z - 3 fruits
 B - a chunk of flesh


   Skills:
 + Level 4.5 Fighting
 + Level 3.4 Maces & Flails
 - Level 1.7 Armour
 * Level 4.6 Dodging
 + Level 4.8 Invocations


You had 6 spell levels left.
You didn't know any spells.

Dungeon Overview and Level Annotations

Branches:
Dungeon (5/15)
 Temple: D:4-7

Altars:
Hepliaklqana
Nemelex Xobeh
Qazlal
Yredelemnul

Shops:
D:4 !=

Annotations:
Abyss:1 Sigmund


Innate Abilities, Weirdness & Mutations

You sometimes gain a little power by taking damage.
You are immune to rotting.
When seriously injured, your bleeding wounds create thick armour. (AC +9)


Message History

* * * LOW HITPOINT WARNING * * *
The centaur misses you.
You see here a tomahawk.
You closely miss the orc priest. The centaur barely misses you.
The orc priest hits you but does no damage.
The centaur hits you but does no damage.
You barely miss the orc priest.
The orc priest hits you but does no damage.
The centaur hits you.
* * * LOW HITPOINT WARNING * * *
You hit the orc priest.
The orc priest is lightly wounded.
The centaur closely misses you.
The orc priest looks satisfied for a moment.
You barely miss the orc priest.
The orc priest is lightly wounded.
The centaur hits you.
* * * LOW HITPOINT WARNING * * *
The orc priest closely misses you. The centaur hits you!
You die...

........(...#
8...........#
.c..c.c.....####
#..§§o........#.
#o.........
#..........
#..........
###########.######
........()@o#.....
##########c....#
#...)...#.....#### .
#.#####..........#..
#.#####.............
#................#
#................#
#................#
#................#


You could see a centaur and an orc priest.

Vanquished Creatures
  A phantom (D:4)
  A howler monkey (D:4)
  A centaur zombie (D:4)
  An orc priest (D:3)
  3 worker ants
  8 adders
  An ooze (D:2)
  An adder skeleton (D:4)
  A dart slug (D:2)
  A leopard gecko (D:4)
  14 orcs
  11 bats
  4 giant cockroaches
  10 goblins
  9 hobgoblins
  6 jackals (D:3)
  9 kobolds
  A quokka (D:2)
  3 frilled lizards
  2 gnoll zombies (D:4)
  4 rats
92 creatures vanquished.

Vanquished Creatures (others)
  The ghost of Hybris the Skirmisher, an amateur HuFi (D:4)
  An iguana (D:5)
2 creatures vanquished.

Grand Total: 94 creatures vanquished

Notes
Turn   | Place    | Note
-------+----------+-------------------------------------------
     0 | Abyss:1  | MovingMist the Demonspawn Abyssal Knight began the quest for the Orb.
     0 | Abyss:1  | Reached XP level 1. HP: 18/18 MP: 2/2
    31 | D:1      | Escaped the Abyss
    98 | D:1      | Reached skill level 1 in Dodging
   175 | D:1      | Gained mutation: When seriously injured, your bleeding wounds create armour. (AC +9) [demonic ancestry]
   175 | D:1      | Reached XP level 2. HP: 13/24 MP: 3/3
   556 | D:1      | Reached ** piety under Lugonu
   925 | D:2      | Gained mutation: When seriously injured, your bleeding wounds create thick armour. (AC +9) [demonic ancestry]
   925 | D:2      | Reached XP level 3. HP: 12/29 MP: 5/5
  1140 | D:2      | Found a hazy altar of Hepliaklqana.
  1230 | D:2      | Found a sparkling altar of Nemelex Xobeh.
  1638 | D:3      | Reached XP level 4. HP: 31/35 MP: 6/6
  1884 | D:3      | Gained mutation: You sometimes gain a little power by taking damage. [demonic ancestry]
  1884 | D:3      | Reached XP level 5. HP: 26/42 MP: 7/7
  2359 | D:3      | Reached *** piety under Lugonu
  2491 | D:4      | Found Ymigoh's Distillery.
  2679 | D:4      | Noticed Hybris's ghost (amateur HuFi)
  2695 | D:4      | Banished Hybris's ghost
  2699 | D:4      | Bought a potion of curing for 39 gold pieces
  2699 | D:4      | Bought a potion of heal wounds for 65 gold pieces
  2887 | D:4      | Found Kuagent's Jewellery Boutique.
  2935 | D:4      | Reached XP level 6. HP: 48/48 MP: 9/9
  2945 | D:4      | Found a basalt altar of Yredelemnul.
  2989 | D:4      | Found a stormy altar of Qazlal.
  2990 | D:4      | Noticed a water elemental
  2994 | D:4      | Noticed an air elemental
  2997 | D:4      | Noticed a fire elemental
  3686 | D:5      | Entered Level 5 of the Dungeon
  3854 | D:5      | Noticed Sigmund
  3858 | D:5      | Banished Sigmund
  3858 | D:5      | Gained mutation: You are immune to rotting. [demonic ancestry]
  3858 | D:5      | Reached XP level 7. HP: 37/55 MP: 10/10
  3892 | D:5      | HP: 2/55 [centaur (1)]
  3892 | D:5      | Slain by a centaur

Vault maps used:
D:1:      mushboom_english_gardens, roderic_roman_lattice
D:2:      nemelex_xobeh_ov_fountains_minmay, overflow_temple_1_default,
          minmay_pentomino_w4
D:3:      cheibrodos_helix_gallery
D:4:      nicolae_qazlal_style_of_elements, lemuel_zombie_altar_yredelemnul,
          serial_shops, shop, shop, minmay_goblin_outpost
D:5:      lemuel_round_altar, okawaru_ov_weapons_minmay,
          eat_drink_and_be_merry_uskayaw, first_bread, uniq_prince_ribbit1,
          uniq_sigmund

Skill      XL: |  1  2  3  4  5  6 |
---------------+-------------------+-----
Dodging        | 1 2 3 4 |  4.6
Maces & Flails | 2 3 |  3.4
Invocations    | 3 4 |  4.8
Fighting       | 4 |  4.5
Armour         | |  1.7

Action                   |  1- 3 |  4- 6 |  7- 9 || total
-------------------------+-------+-------+-------++-------
Melee: Mace              |   147 |    15 |       ||   162
       Whip              |       |   324 |    24 ||   348
Invok: Banish            |       |     2 |     1 ||     3
 Stab: Sleeping          |       |     1 |       ||     1
  Eat: Chunk             |     2 |     9 |       ||    11
Armor: Leather armour    |    82 |   120 |    14 ||   216
Dodge: Dodged            |   136 |   205 |    20 ||   361
